 Dungeon Crawl Stone Soup version 0.29-a0-330-g52719c12eb (webtiles) character file.

Game seed: 2891097904502186797

168 kae the Poker (level 5, -19/38 HPs)
             Began as a Merfolk Gladiator on Apr 20, 2022.
             Was an Initiate of Ashenzari.
             Killed from afar by an orc (35 damage)
             ... with a bolt of acid
             ... on level 4 of the Dungeon.
             The game lasted 00:01:57 (4275 turns).

kae the Poker (Merfolk Gladiator)                   Turns: 4275, Time: 00:01:58

Health: -19/38     AC:  4    Str: 19    XL:     5   Next: 49%
Magic:  5/5        EV: 13    Int:  7    God:    Ashenzari [......]
Gold:   100        SH:  0    Dex: 15    Spells: 4/4 levels left

rFire   . . .      SeeInvis .   a - +0 trident
rCold   . . .      Faith    .   (no shield)
rNeg    . . .      Spirit   .   b - +0 leather armour
rPois   .          Reflect  .   c - +0 helmet
rElec   .          Harm     .   (no cloak)
rCorr   .          Rampage  .   (no gloves)
Will    .....                   (no boots)
Stlth   +.........              (no amulet)
HPRegen 0.92/turn               (no ring)
MPRegen 0.09/turn               (no ring)

@: no status effects
A: (nimble swimmer 2), mertail, regeneration 1, strong 1, wild magic 1
a: Renounce Religion


You were on level 4 of the Dungeon.
You worshipped Ashenzari.
Ashenzari was noncommittal.
You visited 2 branches of the dungeon, and saw 5 of its levels.

You collected 100 gold pieces.

Inventory:

Hand Weapons
 a - a +0 trident (weapon)
Missiles
 d - 3 throwing nets (quivered)
 e - a javelin
Armour
 b - a +0 leather armour (worn)
 c - a +0 helmet (worn)
Jewellery
 p - the amulet "Onoset" {Faith rN+}
   (You found it on level 4 of the Dungeon)

   [amulet of faith]

   It allows you to gain divine favour quickly.
   rN:        It protects you from negative energy.
Wands
 i - a wand of flame (22)
Scrolls
 f - a scroll of identify
 g - a scroll of vulnerability
 n - 2 scrolls of teleportation
 q - a scroll of brand weapon {unknown}
Potions
 h - 2 potions of curing
 j - 2 potions of cancellation {unknown}
 k - a potion of magic {unknown}
 l - a potion of degeneration {unknown}
 m - a potion of heal wounds {unknown}
 o - a potion of lignification {unknown}


   Skills:
 - Level 2.1 Fighting
 + Level 7.9 Polearms
 - Level 2.0 Throwing
 - Level 4.0 Dodging


You had 4 spell levels left.
You didn't know any spells.
Your spell library contained the following spells:

 Spells                   Type           Power      Damage    Failure   Level
 Tukima's Dance           Hex            0%         N/A       90%         3
 Passage of Golubria      Tloc           0%         N/A       100%        4
 Yara's Violent Unravell  Hex/Tmut       0%         3d3       100%        5


Dungeon Overview and Level Annotations

Branches:
Dungeon (4/15)             Temple (1/1) D:4

Altars:
Ashenzari
Cheibriados
Dithmenos
Elyvilon
Fedhas
Gozag
Hepliaklqana
Kikubaaqudgha
Makhleb
Nemelex Xobeh
Okawaru
Qazlal
Ru
Sif Muna
Trog
Uskayaw
Vehumet
Wu Jian
Xom
Yredelemnul
Zin
The Shining One

Annotations:
D:4 1 runed translucent door, robertstho's ghost, amateur DEFE


Innate Abilities, Weirdness & Mutations

((You are very nimble when in or above water. (Stealth+, EV+, Speed+++)))
Your lower body shifts to a powerful aquatic tail in water.
Your natural rate of healing is unusually fast.
Your muscles are strong. (Str +2)
Your spells are a little harder to cast, but a little more powerful.


Message History

Found a scroll labelled KACUPRA SARHU.
Things that are here:
a +0 mace; a +0 short sword; a kobold corpse No target in view!
No target in view!
Found a stone staircase leading down.
No target in view!
No target in view!
q - a scroll labelled KACUPRA SARHU You see here a red potion.
An orc is nearby!
An orc is nearby!
You hit the orc.
The orc is moderately wounded.
The orc hits you with a +0 flail.
An orc is nearby!
You barely miss the orc.
The orc is lightly wounded.
The orc misses you.
You hit the orc.
The orc is moderately wounded.
The orc zaps a wand.
The bolt of acid hits you!!
Ouch! That really hurt!
* * * LOW HITPOINT WARNING * * *
An orc is nearby!
You are too injured to fight recklessly!
You are too injured to fight recklessly!
An orc is nearby!
You are too injured to fight recklessly!
You are too injured to fight recklessly!
An orc is nearby!
You are too injured to fight recklessly!
You are too injured to fight recklessly!
That's the wrong kind of item! (Use * to select it.) Evoke which item? (* to show all) (? for menu, Esc to quit)
Okay, then.
Unknown command.
You feel better.
The orc zaps a wand.
The bolt of acid hits you!!
Ouch! That really hurt!
You die...

##...................
........
#.#.............$....
..##.................
.....#.#............
†..###...........#
#..#.#...........#
#...)........!...#
##.##.##....$....#
#..#.....##.....@#
......##.........o.....#
##.......<...........#..
...............####..#
...............# ....
....#........... .#.# ##
#........ # . # #......


You could see an orc.

Vanquished Creatures
  A jelly (D:4)
  An orc priest (D:4)
  4 adders
  5 dart slugs
  4 orcs
  7 endoplasms
  4 giant cockroaches
  3 goblins
  9 hobgoblins
  2 jackals (D:2)
  2 kobolds
  2 quokkas
  5 ball pythons
  A bat (D:2)
  2 frilled lizards (D:1)
  7 rats
59 creatures vanquished.

Notes
Turn   | Place    | Note
-------+----------+-------------------------------------------
     0 | D:1      | kae the Merfolk Gladiator began the quest for the Orb.
     0 | D:1      | Reached XP level 1. HP: 16/16 MP: 1/1
   260 | D:1      | Reached XP level 2. HP: 12/22 MP: 2/2
   690 | D:1      | Reached skill level 5 in Polearms
  1022 | D:1      | Found a faded altar of an unknown god.
  1222 | D:1      | Reached XP level 3. HP: 27/27 MP: 3/3
  1538 | D:2      | Reached skill level 6 in Polearms
  2369 | D:3      | Reached XP level 4. HP: 33/33 MP: 4/4
  2377 | D:3      | Found a blossoming altar of Fedhas.
  3360 | D:4      | Found a staircase to the Ecumenical Temple.
  3370 | Temple   | Entered the Ecumenical Temple
  3751 | Temple   | Became a worshipper of Ashenzari the Shackled
  3820 | D:4      | Identified the amulet "Onoset" {Faith rN+}
  3844 | D:4      | Gained mutation: Your natural rate of healing is unusually
                  | fast. [potion of mutation]
  3844 | D:4      | Gained mutation: Your muscles are strong. (Str +2) [potion
                  | of mutation]
  3844 | D:4      | Gained mutation: Your spells are a little harder to cast,
                  | but a little more powerful. [potion of mutation]
  4000 | D:3      | Reached skill level 7 in Polearms
  4111 | D:4      | Reached XP level 5. HP: 23/38 MP: 5/5
  4179 | D:4      | Found a runed translucent door.
  4179 | D:4      | Noticed robertstho's ghost (amateur DEFE)
  4275 | D:4      | Killed from afar by an orc

Illustrated notes

Levels and vault maps discovered:
D:1:      mrwooster_arrival_arrow, layout_basic,
          shapermc_ecumenical_altar_ellora, grunt_decor_junction
D:2:      layout_basic
D:3:      layout_loops_corners, fedhas_altar_2
D:4:      layout_cave_pools, minmay_temple_entry_junction,
          hellmonk_ghost_happy_afterlife
Temple:   mainiacjoe_temple_trianglar_array

Skill      XL: |  1  2  3  4 |
---------------+-------------+-----
Polearms       | 5 6 7 |  7.9
Fighting       | |  2.1
Throwing       | |  2.0
Dodging        | |  4.0

Action                   |  1- 3 |  4- 6 || total
-------------------------+-------+-------++-------
Melee: Trident           |   106 |    79 ||   185
       Punch             |     1 |       ||     1
  Use: Scroll            |     4 |       ||     4
       Potion            |       |     3 ||     3
 Stab: Sleeping          |     2 |     3 ||     5
Armor: Leather armour    |    16 |    13 ||    29
Dodge: Dodged            |    34 |    46 ||    80

Table legend: (Time is in decaauts)
 A = Elapsed time spent in this place.
 B = Non-inter-level travel time spent in this place.
 C = Inter-level travel time spent in this place.
 D = Time resting spent in this place.
 E = Time spent auto-exploring this place.
 F = Levels seen in this place.
 G = Mean time per level.
                   A        B        C        D        E       F      G
               +--------+--------+--------+--------+--------+-----+--------+
         Total |   4272 |   4143 |    129 |    218 |   3482 |   5 |  854.4 |
       Dungeon |   3861 |   3780 |     81 |    218 |   3124 |   4 |  965.2 |
        Temple |    410 |    363 |     47 |      0 |    358 |   1 |  410.0 |
               +--------+--------+--------+--------+--------+-----+--------+

Top non-repeatable levels by time:
     D:1: 1343 daAuts
     D:3: 1270 daAuts
     D:2: 967 daAuts
  Temple: 410 daAuts
     D:4: 280 daAuts
